 Dungeon Crawl Stone Soup version 0.32-a0-859-gb0a091d592 (webtiles) character file.

Game seed: 428410005714024868

3070292 GleefulGrenadier the Grand Master (level 27, 352/352 HPs)
             Began as a Green Draconian Shapeshifter on Mar 27, 2024.
             Was a High Priest of Ru.
             Escaped with the Orb
             ... and 5 runes!
             The game lasted 02:32:01 (74185 turns).

GleefulGrenadier the Grand Master (DrSh)           Turns: 74185, Time: 02:32:02

Health: 352/352    AC: 37    Str: 19    XL:     27
Magic:  23/23      EV: 44    Int: 13    God:    Ru [*****.]
Gold:   7885       SH: 18    Dex: 28    Spells: 26/26 levels left

rFire   + +          +
                       - Unarmed
rCold   + + +        J - +2 shield of Resistance {rF++ rC++ Will++}
rNeg    + . .        (body armour unavailable)
rPois   ∞            H - +2 hat {Int+3}
rElec   +            a - scarf of Tuiso {rC+ rF+, rPois Will+}
rCorr   .            b - melded +1 pair of gloves "Kahup" {rElec rC- rCorr SInv}
SInv    .            c - melded +0 pair of boots of the Distant Future {Fly Will+ Regen+ Int-4}
Will    +++++        g - amulet of regeneration Stlth
                     E - +5 ring of evasion
HPRegen 1.58/turn    C - ring of Tuhuath {EV+5 Dex+3}
MPRegen 0.18/turn

%: no passive effects
@: statue-form, studying Throwing, very slow
A: slow and powerful, torment resistance 1, boosted hp, (noxious breath), AC
+13, unfitting armour, stinger 1, dopey 1, poison resistance, cold-blooded, no
stealth, inability to use devices, hated by all, agile 1, strong 1, inability to
drink after injury 1
0: Orb of Zot
}: 5/15 runes: barnacled, slimy, silver, abyssal, gossamer
a: Begin Untransformation, Renounce Religion, Draw Out Power, Power Leap,
Apocalypse


You escaped.
You worshipped Ru.
Ru was extremely pleased with you.
You were a living statue of rough stone.
You visited 12 branches of the dungeon, and saw 56 of its levels.
You visited the Abyss 1 time.
You also visited: Trove, Bailey, Volcano and Desolation.

You collected 12113 gold pieces.
You spent 4228 gold pieces at shops.

Inventory:

Missiles
 l - 11 throwing nets {=f!f}
Armour
 a - the scarf of Tuiso (worn) {rC+ rF+, rPois Will+}
   (You found it in a treasure trove)

   rPois:     It protects you from poison.
   Will+:     It increases your willpower.
 b - the +1 pair of gloves "Kahup" (melded) {rElec rC- rCorr SInv}
   (You found it in a treasure trove)

   rC-:       It makes you vulnerable to cold.
   rElec:     It insulates you from electricity.
   SInv:      It lets you see invisible.
   rCorr:     It protects you from acid and corrosion.
 c - the +0 pair of boots of the Distant Future (melded) {Fly Will+ Regen+ Int-4}
   (You found it in a treasure trove)

   Int-4:     It affects your intelligence (-4).
   Will+:     It increases your willpower.
   Fly:       It grants you flight.
   Regen+:    It increases your rate of health regeneration.
 f - a +2 pair of gloves of fire resistance
 H - a +2 hat of intelligence (worn)
 I - the +3 warlock's mirror {omnireflect}
   (You found it in a treasure trove)

   Omnireflect: It can block and reflect piercing ranged attacks and magical
   attacks against the wielder's willpower.
 J - the +2 shield of Resistance (worn) {rF++ rC++ Will++}
   (You found it on level 5 of the Vaults)

   rF++:      It greatly protects you from fire.
   rC++:      It greatly protects you from cold.
   Will++:    It greatly increases your willpower.
 O - the +18 shield of the Gong {Loud rN+ Will+ rCorr EV-5}
   (You found it on level 5 of the Vaults)

   Loud:      It is deafeningly noisy when blocking attacks.
   EV-5:      It affects your evasion (-5).
   rN+:       It protects you from negative energy.
   Will+:     It increases your willpower.
   rCorr:     It protects you from acid and corrosion.
 Q - the +2 pair of gloves of Yesterday {rPois Slay+3}
   (You bought it in a shop on level 3 of the Depths)

   Slay+3:    It affects your accuracy & damage with ranged weapons and melee
   (+3).
   rPois:     It protects you from poison.
Jewellery
 e - a ring of the Octopus King {rC+ HP+2 AC+2 EV+2 SH+2}
   (You found it on level 5 of the Vaults)

   [ring of protection from cold]

   AC+2:      It affects your AC (+2).
   EV+2:      It affects your evasion (+2).
   rC+:       It protects you from cold.
   HP+2:      It affects your health (+2).
   SH+2:      It affects your SH (+2).
 g - an amulet of regeneration (around neck)
 o - the ring "Juapy" {Fire rElec rN+}
   (You bought it in a shop on level 2 of the Orcish Mines)

   [ring of fire]

   Fire:      It enhances your fire magic.
   rF+:       It protects you from fire.
   rC-:       It makes you vulnerable to cold.
   rElec:     It insulates you from electricity.
   rN+:       It protects you from negative energy.
 v - a ring of see invisible
 z - the ring "Xujeuq" {+Blink AC+4 Str+7 Int-3}
   (You found it on level 1 of the Realm of Zot)

   [ring of protection]

   AC+4:      It affects your AC (+4).
   Str+7:     It affects your strength (+7).
   Int-3:     It affects your intelligence (-3).
   +Blink:    It lets you blink.
 C - the ring of Tuhuath (right fist) {EV+5 Dex+3}
   (You found it on level 5 of the Pits of Slime)

   [ring of evasion]

   EV+5:      It affects your evasion (+5).
   Dex+3:     It affects your dexterity (+3).
 D - the ring "Neiv" {Ice rElec}
   (You found it in the Desolation of Salt)

   [ring of ice]

   Ice:       It enhances your ice magic.
   rF-:       It makes you vulnerable to fire.
   rC+:       It protects you from cold.
   rElec:     It insulates you from electricity.
 E - a +5 ring of evasion (left fist)
 L - the ring of a Million Runes {Wiz Dex+5}
   (You found it in the Desolation of Salt)

   [ring of wizardry]

   Wiz:       It improves your spell success rate.
   Dex+5:     It affects your dexterity (+5).
 W - the ring of Nunlih {rC+ Will++ AC+4}
   (You took it off an imperial myrmidon in the Desolation of Salt)

   [ring of protection]

   AC+4:      It affects your AC (+4).
   rC+:       It protects you from cold.
   Will++:    It greatly increases your willpower.
Talismans
 d - a storm talisman
 n - a maw talisman
 y - a granite talisman (active)
Scrolls
 h - 10 scrolls of enchant weapon
 i - 12 scrolls of vulnerability {!r!r}
 k - 3 scrolls of revelation
 q - 13 scrolls of teleportation {@r4}
 r - 6 scrolls of immolation {!r!r}
 B - 3 scrolls of silence {!r!r}
 G - 3 scrolls of blinking {!r}
 R - 11 scrolls of amnesia
 T - 9 scrolls of poison
 V - 8 scrolls of fog
 X - 21 scrolls of identify {@r1}
 Y - a scroll of fear
 Z - 6 scrolls of enchant armour
Potions
 j - 8 potions of attraction {!q}
 m - 5 potions of brilliance
 p - a potion of berserk rage {!q}
 s - 3 potions of resistance
 t - 36 potions of curing {@q1}
 u - a potion of might
 w - 4 potions of heal wounds {@q2}
 x - 2 potions of mutation {!q}
 A - 8 potions of enlightenment
 F - 7 potions of magic
 M - 5 potions of cancellation
 N - 9 potions of ambrosia
 P - 4 potions of haste {@q3}
 S - 12 potions of lignification {!q}
 U - 5 potions of invisibility
Miscellaneous
 K - a phial of floods


   Skills:
 + Level 26.7 Fighting
 + Level 22.5 Dodging
 * Level 15.3 Shields
 O Level 27 Unarmed Combat
 - Level 23.0 Shapeshifting


You had 26 spell levels left.
You didn't know any spells.
Your spell library contained the following spells:

 Spells                   Type           Power      Damage    Failure   Level
 Foxfire                  Conj/Fire      0%         2x1d4     43%         1
 Freeze                   Ice            0%         1d3       43%         1
 Magic Dart               Conj           0%         1d3       43%         1
 Necrotise                Necr           0%         1d4       43%         1
 Sandblast                Erth           0%         2d4       43%         1
 Shock                    Conj/Air       0%         1d3       43%         1
 Slow                     Hex            0%         N/A       43%         1
 Cigotuvi's Dreadful Rot  Necr/Alch/Air  0%         N/A       58%         2
 Ensorcelled Hibernation  Hex/Ice        0%         N/A       58%         2
 Lesser Beckoning         Tloc           0%         N/A       58%         2
 Mercury Vapours          Alch/Air       0%         N/A       58%         2
 Momentum Strike          Conj/Tloc      0%         3d8       58%         2
 Static Discharge         Conj/Air       0%         3-3/arc   58%         2
 Confusing Touch          Hex            0%         N/A       82%         3
 Fugue of the Fallen      Necr           0%         N/A       82%         3
 Inner Flame              Hex/Fire       0%         N/A       82%         3
 Mephitic Cloud           Conj/Alch/Air  0%         N/A       82%         3
 Ozocubu's Armour         Ice            0%         N/A       82%         3
 Passwall                 Erth           0%         N/A       82%         3
 Stone Arrow              Conj/Erth      0%         3d7       82%         3
 Swiftness                Air            0%         N/A       82%         3
 Teleport Other           Tloc           0%         N/A       82%         3
 Vampiric Draining        Necr           0%         2d6       82%         3
 Volatile Blastmotes      Fire/Tloc      0%         2d10      82%         3
 Airstrike                Air            0%         2d(0-16)  99%         4
 Anguish                  Hex/Necr       0%         N/A       99%         4
 Brom's Barrelling Bould  Conj/Erth      0%         2d3       99%         4
 Dispel Undead            Necr           0%         3d6       99%         4
 Flame Wave               Conj/Fire      0%         2d4       99%         4
 Fulminant Prism          Conj/Alch      0%         3d5       99%         4
 Ignite Poison            Fire/Alch      0%         N/A       99%         4
 Olgreb's Toxic Radiance  Alch           0%         N/A       99%         4
 Passage of Golubria      Tloc           0%         N/A       99%         4
 Petrify                  Alch/Erth      0%         N/A       99%         4
 Vhi's Electric Charge    Tloc/Air       0%         N/A       99%         4
 Arcjolt                  Conj/Air       0%         1d10      100%        5
 Borgnjor's Vile Clutch   Necr/Erth      0%         N/A       100%        5
 Curse of Agony           Necr           0%         N/A       100%        5
 Fireball                 Conj/Fire      0%         3d3       100%        5
 Freezing Cloud           Conj/Ice/Air   0%         6-21      100%        5
 Irradiate                Conj/Alch      0%         3d11      100%        5
 Iskenderun's Battlesphe  Conj           0%         2d6       100%        5
 Lee's Rapid Deconstruct  Erth           0%         3d4*      100%        5
 Metabolic Englaciation   Hex/Ice        0%         N/A       100%        5
 Yara's Violent Unravell  Hex/Alch       0%         3d3       100%        5
 Bombard                  Conj/Erth      0%         9d1       100%        6
 Conjure Ball Lightning   Conj/Air       0%         3x3d6     100%        6
 Dispersal                Tloc           0%         N/A       100%        6
 Gell's Gavotte           Tloc           0%         2d(11-16) 100%        6
 Plasma Beam              Fire/Air       0%         2x1d10    100%        6
 Starburst                Conj/Fire      0%         6d3       100%        6
 Orb of Destruction       Conj           0%         9d5       100%        7
 Ozocubu's Refrigeration  Ice            0%         4d7       100%        7
 Borgnjor's Revivificati  Necr           0%         N/A       100%        8
 Discord                  Hex            0%         N/A       100%        8
 Disjunction              Tloc           0%         N/A       100%        8
 Ignition                 Fire           0%         3d3       100%        8
 Lehudib's Crystal Spear  Conj/Erth      0%         10d2      100%        8
 Maxwell's Capacitive Co  Air            0%         ∞         100%        8
 Chain Lightning          Conj/Air       0%         N/A       100%        9
 Death's Door             Necr           0%         N/A       100%        9
 Polar Vortex             Ice            0%         N/A       100%        9
 Sublimation of Blood     Necr           Unusable   N/A       N/A         2
 Summon Ice Beast         Ice/Summ       Unusable   N/A       N/A         3
 Tukima's Dance           Hex            Unusable   N/A       N/A         3
 Animate Armour           Summ/Erth      Unusable   N/A       N/A         4
 Animate Dead             Necr           Unusable   N/A       N/A         4
 Martyr's Knell           Necr/Summ      Unusable   N/A       N/A         4
 Summon Lightning Spire   Summ/Air       Unusable   N/A       N/A         4
 Death Channel            Necr           Unusable   N/A       N/A         6
 Sculpt Simulacrum        Ice/Alch       Unusable   N/A       N/A         6
 Haunt                    Necr/Summ      Unusable   N/A       N/A         7
 Spellforged Servitor     Conj/Summ      Unusable   N/A       N/A         7

Dungeon Overview and Level Annotations

Branches:
Dungeon (15/15)            Temple (1/1) D:7            Lair (5/5) D:9
 Shoals (4/4) Lair:3       Spider (4/4) Lair:3        Slime (5/5) Lair:4
    Orc (2/2) D:9             Elf (3/3) Orc:2        Vaults (5/5) D:13
  Crypt (3/3) Vaults:3       Tomb (0/3) Crypt:3      Depths (4/4) D:15
    Zot (5/5) Depths:4     Bailey (visited)         Volcano (visited)
Desolation (visited)

Altars:
Ashenzari
Cheibriados
Dithmenos
Elyvilon
Gozag
Kikubaaqudgha
Makhleb
Nemelex Xobeh
Okawaru
Qazlal
Ru
Sif Muna
Trog
Uskayaw
Vehumet
Wu Jian
Xom
Zin
The Shining One

Shops:
D:4 !   D:10 *   Orc:2 **:*!=(   Elf:1 :   Vaults:4 !   Depths:1 *
Depths:3 [[[:   Depths:4 :==

Portals:
Hell: Depths:1 Depths:2 Depths:3 Depths:4
Abyss: D:12 Depths:3
Pandemonium: Depths:2 Depths:3
Ziggurat: Depths:4

Annotations:
Zot:3 36 runed translucent doors


Innate Abilities, Weirdness & Mutations

You are a living statue of rough stone.
Your actions are slow, but your melee attacks are powerful.
You are resistant to unholy torment.
Your maximum health is greatly increased.
Your equipment is partially melded.
((You can breathe blasts of noxious fumes.))
((Your lurid green scales are hard. (AC +13)))
You cannot fit into any form of body armour.
You are immune to poison.
Your tail ends in a venomous barb.
You are dopey. (Int -2)
Your system is resistant to poisons. (rPois)
You are cold-blooded and may be slowed by cold attacks.
You cannot be stealthy.
You cannot study or use magical devices.
You are hated by all.
You are agile. (Dex +4, Str/Int -1)
Your muscles are strong. (Str +4, Int/Dex -1)
You occasionally lose the ability to drink potions when taking damage.


Message History

No target in view!
There is a stone staircase leading up here.
You climb upwards.
There is a stone staircase leading down here.
A ynoxinul comes into view.
The ynoxinul bellows!
There is a stone staircase leading up here.
You climb upwards.
There is a stone staircase leading down here.
There is a stone staircase leading up here.
You climb upwards.
There is a stone staircase leading down here.
A smoke demon comes into view.
You block the smoke demon's attack.
The smoke demon completely misses you. x2
You punch the smoke demon! You tail-slap the smoke demon!
The smoke demon gestures at you. The pyre arrow misses you.
You closely miss the smoke demon. You block the smoke demon's attack. x2
The smoke demon completely misses you.
You squash the smoke demon like an ant!!!!
You kill the smoke demon!
No target in view!
No target in view!
No target in view!
No target in view!
No target in view!
No target in view!
No target in view!
No target in view!
No target in view!
There is a stone staircase leading up here.
You climb upwards.
There is a stone staircase leading down here.
A hellwing comes into view.
You pummel the hellwing like a punching bag!!!
You tail-slap the hellwing, but do no damage.
You squash the hellwing like an ant!!!
You kill the hellwing!
There is a stone staircase leading up here.
You climb upwards.
There is a stone staircase leading down here.
You see here a jackal skeleton.
Things that are here:
a +0 dagger; a kobold skeleton An Orb Guardian comes into view.
You pulverise the Orb Guardian!!!!
You kill the Orb Guardian!
No target in view!
There is a staircase leading out of the dungeon here.
You have escaped!

#### #.####
#.÷........###### #..#
#.#÷...........## ##.####
#.#).########.... #....#
#.........# #..## ####.##.#
##....#.#.# #..##
##.......####........# #..##
#..≈≈≈≈...##...≈≈≈≈..###..##
#.≈≈≈≈≈≈......§§≈§≈≈..>.....
#.≈≈≈≈≈≈..>I..§≈≈§≈≈......##
#.≈≈≈≈≈≈......≈§≈≈≈≈..##..##
#..≈≈≈≈..####§.§≈≈≈.......##
##......## ##..§..§#.##..##
####.#.# #.#.####.##..##
#.#.## ##..............
#.#..####..#.#..........
#.#.......#....##...)...
#....##..#.....##.##.###


There were no monsters in sight!

Vanquished Creatures
  Dissolution (Slime:2)
  the Royal Jelly (Slime:5)
  5 dread liches
  An ancient lich (Crypt:3)
  Mennas (Vaults:3)
  The ghost of Noulax the Sorcerer, a master HuWn of Vehumet (Zot:2)
  A juggernaut (Depths:2)
  4 orbs of fire (Zot:5)
  Sojobo (Vaults:1)
  Vv (Zot:1)
  The ghost of Jymib the Ruinous, a veteran DgCj (Depths:1)
  Parghit (Zot:3)
  3 Killer Klowns (Zot:5)
  Saint Roka (Vaults:1)
  A curse toe (Zot:5)
  Margery (Vaults:4)
  8 golden dragons
  Arachne (Spider:3)
  2 bone dragons
  A Brimstone Fiend (Depths:4)
  A hellephant (Vaults:4)
  13 tentacled monstrosities
  4 Hell Sentinels
  5 electric golems
  Rupert (Lair:3)
  A walking divine tome (Depths:3)
  7 titans
  An Ice Fiend (D:15)
  3 pandemonium lords
  A walking earthen tome (Depths:2)
  A walking crystal tome (Depths:2)
  3 liches
  4 quicksilver dragons
  A deep elf blademaster (Elf:3)
  30 Orb Guardians
  9 death cobs
  4 sphinxes
  25 acid blobs
  2 deep elf master archers (Elf:3)
  Frances (Shoals:1)
  Gastronok (D:10)
  A kraken (Shoals:2)
  4 ancient champions
  7 tengu reavers
  Kirke (Shoals:1)
  12 shadow dragons
  7 draconian monks
  15 storm dragons
  Donald (Spider:1)
  A demonspawn warmonger (Depths:3)
  4 revenants
  11 rockslimes
  14 fire giants
  6 deep elf sorcerers
  18 frost giants
  17 azure jellies
  3 draconian shifters (Zot:3)
  A draconian knight (Zot:2)
  14 vault wardens
  2 iron dragons
  6 curse skulls
  3 imperial myrmidons (Desolation)
  3 balrugs
  4 ghost moths
  2 draconian stormcallers
  4 emperor scorpions
  4 deep elf elementalists (Elf:3)
  A reaper (Depths:3)
  4 draconian scorchers
  8 draconian annihilators
  4 orc warlords
  6 ghouls (Crypt:3)
  2 broodmothers
  20 ironbound preservers
  13 quicksilver oozes
  A caustic shrike skeleton (Depths:2)
  A cacodemon (Zot:1)
  2 formless jellyfish
  A spriggan defender (Vaults:1)
  A juggernaut skeleton (Depths:1)
  4 vampire knights
  4 very ugly things
  30 stone giants
  14 ironbound thunderhulks
  2 demonspawn blood saints (Depths:3)
  The ghost of Ebahuax the Severer, a journeyman HOFi of Trog (D:15)
  4 black draconians
  13 green draconians
  5 deep elf demonologists
  6 deep elf annihilators (Elf:3)
  9 deep elf death magi
  17 white draconians
  A spark wasp (shapeshifter) (Depths:4)
  A war gargoyle (Vaults:5)
  A halazid warlock (Desolation)
  6 red draconians
  20 dire elephants
  7 spark wasps
  10 yellow draconians
  8 purple draconians
  3 crystal guardians
  12 fire dragons
  15 ettins
  5 merfolk javelineers
  3 green deaths
  A quicksilver dragon zombie (Crypt:2)
  4 merfolk impalers (Shoals:4)
  The ghost of senseless the Grappler, a journeyman TrSh of Ru (D:12)
  4 eidola
  A blizzard demon (D:9)
  8 jiangshi
  6 hydras
  12 peacekeepers
  15 yaktaur captains
  8 deep elf high priests
  3 ragged hierophants (Desolation)
  8 entropy weavers
  Josephine (Orc:2)
  6 ice dragons
  4 servants of whispers (Desolation)
  7 great orbs of eyes
  3 spriggan air magi
  5 rakshasas
  3 hell beasts
  A sphinx zombie (Depths:2)
  34 vault guards
  6 ironbound frosthearts
  8 merfolk aquamancers
  10 boulder beetles
  4 catoblepae
  5 jorogumos (Spider:4)
  9 ogre magi
  4 radroaches
  16 centaur warriors
  28 dancing weapons
  2 satyrs
  3 merfolk avatars
  4 death knights
  11 deep troll shamans
  30 two-headed ogres
  8 death scarabs (Spider:4)
  3 death yaks
  9 demonic crawlers
  5 vampire magi
  2 spectral emperor scorpions (Spider:4)
  7 deep troll earth magi
  5 spriggan berserkers
  10 tengu warriors
  A titan zombie (Crypt:2)
  12 hell knights
  5 orc high priests
  2 soul eaters
  A thrashing horror (D:12)
  13 skeletal warriors
  A wretched star (Abyss:3)
  19 deep elf knights
  2 pharaoh ants
  4 iron trolls
  3 shadow wraiths
  7 sun demons
  5 skysharks
  A fire crab (Volcano)
  A deep troll (shapeshifter) (Vaults:5)
  64 deep trolls
  14 sea snakes
  A swamp dragon (shapeshifter) (Elf:3)
  2 sixfirhies
  A storm dragon skeleton (Crypt:1)
  8 orb spiders
  10 arcanists
  9 steelbarb worms
  5 flayed ghosts
  A sun moth (Spider:3)
  An orb spider (shapeshifter) (Depths:2)
  2 bog bodies (Crypt:3)
  A mana viper (shapeshifter) (Depths:4)
  11 phantasmal warriors
  11 deep elf archers
  18 orc knights
  3 large abominations
  A bunyip skeleton (Crypt:1)
  20 ironbound convokers
  A spectral wolf spider (Spider:4)
  8 glowing orange brains
  A lindwurm (Lair:5)
  33 harpies
  An anaconda skeleton (Crypt:3)
  An obsidian bat (Orc:1)
  2 thermic dynamos (Elf:3)
  27 deep elf zephyrmancers
  6 necromancers
  2 broodmother zombies
  29 deep elf pyromancers
  2 oklob plants (Lair:4)
  An orc sorcerer (Orc:2)
  30 fauns
  3 worldbinders (D:12)
  29 ugly things
  A human zombie (Vaults:1)
  14 manticores
  A goliath frog skeleton (Crypt:3)
  15 wolf spiders
  9 shining eyes
  25 elephants
  37 moths of wrath
  10 cyclopes
  A faun (shapeshifter) (Vaults:5)
  7 merfolk sirens
  18 vault sentinels
  A guardian serpent (shapeshifter) (Vaults:2)
  3 fire giant skeletons
  A meliai (shapeshifter) (Elf:1)
  7 meliai
  A toenail golem (Zot:5)
  A rust devil (Zot:1)
  5 molten gargoyles
  10 water nymphs
  8 black mambas
  An ice statue (D:14)
  3 guardian serpents
  2 eyes of devastation (Slime:5)
  2 orange demons
  2 gargoyles (D:12)
  4 torpor snails
  A smoke demon (D:3)
  15 cane toads
  8 efreet
  A sea snake zombie (Crypt:3)
  2 freezing wraiths
  10 komodo dragons
  An orb spider zombie (Crypt:2)
  4 spectral redbacks (Spider:4)
  27 yaktaurs
  Psyche (D:12)
  An ancient zyme (Abyss:1)
  2 kobold demonologists
  A spriggan zombie (Depths:1)
  9 tengu conjurers
  6 ice devils (D:14)
  11 trolls
  5 guardian mummies (Crypt:3)
  2 grey draconian skeletons (Crypt:2)
  A yaktaur skeleton (Vaults:1)
  22 merfolk
  3 spectral jumping spiders (Spider:4)
  2 hellwings
  28 tarantellas
  45 saltlings
  9 wind drakes
  A jumping spider zombie (Spider:4)
  A polar bear (D:9)
  A culicivora zombie (Spider:4)
  2 tarantella zombies
  6 glass eyes
  A spectral culicivora (Spider:4)
  15 dream sheep (Shoals:2)
  33 blink frogs
  11 snapping turtles
  A shadow (D:10)
  A snapping turtle (shapeshifter) (Depths:2)
  4 air elementals (Shoals:4)
  32 jumping spiders
  3 vampires
  31 water elementals
  11 wyverns
  13 wraiths
  34 culicivoras
  113 slime creatures
  A ynoxinul (D:12)
  12 starcursed masses
  A hog (shapeshifter) (Vaults:5)
  2 humans (Shoals:1)
  9 golden eyes
  32 yaks
  5 basilisks
  A hog (Shoals:1)
  2 wargs (Orc:2)
  A fire elemental (Elf:2)
  4 neqoxecs (Abyss:3)
  4 vampire mosquitoes
  58 redbacks
  3 chaos spawn
  3 steam dragons
  2 acid dragons
  Duvessa (D:4)
  24 water moccasins
  7 hell hounds
  25 orc warriors
  A water nymph skeleton (Crypt:2)
  2 ice beasts
  25 laughing skulls
  6 black bears
  45 ogres
  A manticore skeleton (Crypt:3)
  20 wolves
  22 centaurs
  4 phantoms
  3 kobold brigands
  A hog skeleton (Crypt:3)
  19 bullfrogs
  A yaktaur zombie (Crypt:1)
  3 gnoll sergeants
  A human skeleton (Vaults:1)
  4 scorpions
  An elf skeleton (Crypt:1)
  8 wights
  Dowan (D:4)
  30 killer bees
  A shapeshifter zombie (Crypt:3)
  A troll skeleton (Crypt:1)
  2 electric eels (Bailey)
  6 howler monkeys
  3 lava snakes (Lair:5)
  2 jellies
  4 hounds
  3 bombardier beetles
  15 orc priests
  3 gnoll boudas
  2 sleepcaps (D:5)
  Terence (D:2)
  Natasha (thrice) (D:2)
  19 orc wizards
  A killer bee zombie (Crypt:2)
  2 naga skeletons
  7 mummies (Crypt:3)
  8 adders
  25 gnolls
  A swamp drake skeleton (Crypt:2)
  A white imp (D:6)
  2 ufetubi (D:5)
  A dart slug (D:4)
  83 orcs
  A bat zombie (Crypt:3)
  3 endoplasms
  2 giant cockroaches (D:2)
  19 goblins
  11 hobgoblins
  4 jackals (D:1)
  13 kobolds
  8 quokkas
  7 ball pythons
  6 bats
  2 frilled lizards
  7 rats
  6 butterflies (Vaults:3)
  A starspawn tentacle (Abyss:3)
  4 tentacles (Shoals:2)
2750 creatures vanquished.

Vanquished Creatures (collateral kills)
  A very ugly thing (Vaults:5)
  2 meliai (D:15)
3 creatures vanquished.

Vanquished Creatures (others)
  A deep elf blademaster (Elf:3)
  2 deep elf master archers (Elf:3)
  An azure jelly (Slime:3)
  A fire giant (Depths:2)
  2 rockslimes (Slime:5)
  A frost giant (Depths:3)
  A ghost moth (Zot:5)
  A draconian shifter (Depths:4)
  A deep elf annihilator (Elf:3)
  A purple draconian (Zot:5)
  A merfolk impaler (Shoals:4)
  A great orb of eyes (Vaults:1)
  A jorogumo (Spider:4)
  A dancing weapon (Elf:2)
  A deep troll shaman (Depths:1)
  A boulder beetle (Spider:1)
  2 two-headed ogres
  A soul eater (Depths:3)
  2 deep elf knights (Elf:2)
  A sea snake (Shoals:4)
  2 deep trolls
  An orb spider (Spider:1)
  A flayed ghost (Depths:3)
  A steelbarb worm (Spider:2)
  A harpy (Vaults:1)
  A deep elf pyromancer (Elf:2)
  A cyclops (D:15)
  2 moths of wrath
  A water nymph (Shoals:4)
  A spectral redback (Spider:4)
  A freezing wraith (D:14)
  A hellwing (Zot:5)
  A jumping spider (Spider:3)
  A water elemental (Depths:1)
  A golden eye (shapeshifter) (D:15)
  A steam dragon (Volcano)
  A redback (Spider:1)
  An orc priest (Orc:1)
  2 orc wizards
  An orc (Orc:1)
  6 ball lightnings (Depths:1)
  2 starspawn tentacles (Abyss:3)
  4 tentacles (Shoals:2)
59 creatures vanquished.

Grand Total: 2812 creatures vanquished

Notes
Turn   | Place    | Note
-------+----------+-------------------------------------------
     0 | D:1      | GleefulGrenadier the Draconian Shapeshifter began the quest
                  | for the Orb.
     0 | D:1      | Reached XP level 1. HP: 16/16 MP: 1/1
    33 | D:1      | Reached XP level 2. HP: 8/23 MP: 2/2
   719 | D:2      | Noticed Natasha
   737 | D:2      | Killed Natasha
   738 | D:2      | Reached XP level 3. HP: 19/28 MP: 3/3
   945 | D:2      | Reached XP level 4. HP: 32/35 MP: 4/4
  1028 | D:2      | Noticed Terence
  1038 | D:2      | Killed Terence
  1182 | D:2      | Noticed Natasha
  1193 | D:2      | Killed Natasha
  1442 | D:2      | Noticed Natasha
  1456 | D:2      | Killed Natasha
  1457 | D:2      | Reached XP level 5. HP: 27/40 MP: 5/5
  1703 | D:3      | Found an ancient bone altar of Kikubaaqudgha.
  1786 | D:3      | Reached skill level 6 in Shapeshifting
  2167 | D:4      | Reached XP level 6. HP: 20/47 MP: 6/6
  2306 | D:4      | Identified the +7 hand axe of Wulioh {drain, rPois rF+
                  | Str+4 Int-2}
  2472 | D:4      | Found Ykluhegh's Distillery.
  2479 | D:4      | Bought a potion of berserk rage for 60 gold pieces
  2479 | D:4      | Bought a potion of curing for 36 gold pieces
  2660 | D:4      | Noticed Dowan
  2896 | D:4      | Found a glowing silver altar of Zin.
  3008 | D:4      | Noticed Duvessa
  3029 | D:4      | Killed Duvessa
  3030 | D:4      | Reached skill level 4 in Unarmed Combat
  3030 | D:4      | Your scales start taking on a lurid green colour.
  3030 | D:4      | Reached XP level 7. HP: 40/52 MP: 7/7
  3030 | D:4      | Gained mutation: Your system is resistant to poisons.
                  | (rPois) [Green Draconian growth]
  3033 | D:4      | Killed Dowan
  3221 | D:5      | Entered Level 5 of the Dungeon
  3244 | D:5      | Reached skill level 5 in Unarmed Combat
  3274 | D:5      | Identified the +4 war axe "Baoziexi" {freeze, rPois rC+
                  | Str+4 Int+3}
  3598 | D:5      | Reached skill level 6 in Unarmed Combat
  3753 | D:5      | Reached skill level 7 in Unarmed Combat
  3753 | D:5      | Reached XP level 8. HP: 44/59 MP: 8/8
  3870 | D:5      | Found a sacrificial altar of Ru.
  3870 | D:5      | Found a shimmering blue altar of Sif Muna.
  3870 | D:5      | Found a burning altar of Makhleb.
  3870 | D:5      | Found a basalt altar of Yredelemnul.
  3875 | D:5      | You fall into a shaft and drop 3 floors!
  3891 | D:8      | Reached skill level 8 in Unarmed Combat
  4411 | D:7      | Reached skill level 3 in Fighting
  4411 | D:7      | Reached skill level 3 in Dodging
  4426 | D:7      | Reached XP level 9. HP: 24/70 MP: 9/9
  4514 | D:7      | Found a flagged portal.
  4522 | Bailey   | Entered a bailey
  4847 | Bailey   | Found an iron altar of Okawaru.
  4848 | Bailey   | Noticed an orc high priest
  4900 | Bailey   | Noticed an orc knight
  4918 | Bailey   | Killed an orc knight
  4919 | Bailey   | Reached skill level 9 in Unarmed Combat
  5080 | Bailey   | Noticed an orc knight
  5090 | Bailey   | Killed an orc knight
  5123 | Bailey   | Noticed an orc high priest
  5137 | Bailey   | Killed an orc high priest
  5138 | Bailey   | Reached XP level 10. HP: 83/83 MP: 10/10
  5145 | Bailey   | Killed an orc high priest
  5146 | Bailey   | Reached skill level 6 in Fighting
  5642 | D:6      | Reached skill level 9 in Shapeshifting
  5686 | D:6      | Reached skill level 10 in Unarmed Combat
  6211 | D:5      | Became a worshipper of Ru the Awakened
  6468 | D:6      | Reached skill level 6 in Dodging
  7027 | D:7      | Found a staircase to the Ecumenical Temple.
  7072 | D:7      | Found a hide-covered altar of Uskayaw.
  7090 | D:7      | Found a blossoming altar of Fedhas.
  7141 | Temple   | Entered the Ecumenical Temple
  8017 | D:9      | Found a shimmering altar of Xom.
  8313 | D:9      | Found an opulent altar of Gozag.
  8375 | D:9      | Reached XP level 11. HP: 77/92 MP: 11/11
  8514 | D:9      | Found a staircase to the Orcish Mines.
  8775 | D:9      | Found a staircase to the Lair.
  9418 | D:10     | Entered Level 10 of the Dungeon
  9798 | D:10     | Noticed a two-headed ogre
  9803 | D:10     | Killed a two-headed ogre
  9846 | D:10     | Noticed Gastronok
  9870 | D:10     | Killed Gastronok
  9879 | D:10     | Reached skill level 11 in Unarmed Combat
 10273 | D:10     | Found Ycioqil's Fire Supplies.
 10349 | D:10     | Bought a +2 pair of gloves of fire resistance for 258 gold
                  | pieces
 10557 | Lair:1   | Entered Level 1 of the Lair of Beasts
 11238 | Lair:1   | Reached XP level 12. HP: 103/103 MP: 12/12
 11327 | Lair:1   | Identified the +6 war axe of Moimunosch {venom, Will- Int+8
                  | Dex+5 Stlth-}
 11342 | Lair:1   | Noticed a catoblepas
 11368 | Lair:1   | Killed a catoblepas
 11369 | Lair:1   | Reached skill level 9 in Fighting
 11787 | Lair:1   | Noticed a catoblepas
 11799 | Lair:1   | Killed a catoblepas
 12221 | Lair:1   | Reached skill level 12 in Shapeshifting
 12798 | Lair:2   | Reached skill level 12 in Unarmed Combat
 13565 | Lair:3   | Noticed a death yak
 13566 | Lair:3   | Noticed a death yak
 13566 | Lair:3   | Noticed a death yak
 13580 | Lair:2   | Killed a death yak
 13586 | Lair:2   | Killed a death yak
 13587 | Lair:2   | Reached XP level 13. HP: 95/113 MP: 13/13
 13770 | Lair:3   | Found a hole to the Spider Nest.
 14346 | Lair:2   | Reached skill level 9 in Dodging
 14649 | Lair:3   | Gained mutation: You are hated by all. [Ru sacrifice]
 14649 | Lair:3   | Reached * piety under Ru
 14649 | Lair:3   | Reached ** piety under Ru
 15077 | Lair:3   | Found a staircase to the Shoals.
 16308 | Lair:4   | Identified the +2 long sword of Demonkind {freeze, Dex+2}
 16545 | Lair:5   | Entered Level 5 of the Lair of Beasts
 16582 | Lair:5   | Found a dark tunnel.
 16600 | Lair:5   | Reached skill level 13 in Unarmed Combat
 16873 | Volcano  | Entered a volcano
 17003 | Volcano  | Noticed a fire dragon
 17023 | Volcano  | Killed a fire dragon
 17380 | Lair:5   | Gained mutation: Your tail ends in a venomous barb. [Green
                  | Draconian growth]
 17380 | Lair:5   | Reached XP level 14. HP: 118/124 MP: 14/14
 18591 | Lair:5   | Reached skill level 12 in Fighting
 19334 | Lair:5   | Found a large runed translucent door.
 19335 | Lair:5   | Found a large runed translucent door.
 19947 | Orc:1    | Entered Level 1 of the Orcish Mines
 20221 | Orc:2    | Entered Level 2 of the Orcish Mines
 20254 | Orc:1    | Reached skill level 15 in Shapeshifting
 20795 | Orc:1    | Paralysed by an ogre mage for 3 turns
 21048 | Orc:2    | Found Qotaag's Antique Weapon Shoppe.
 21122 | Orc:2    | Found Firahu's Jewellery Boutique.
 21207 | Orc:2    | Gained mutation: You cannot study or use magical devices.
                  | [Ru sacrifice]
 21207 | Orc:2    | Reached *** piety under Ru
 21618 | Orc:2    | Reached XP level 15. HP: 114/134 MP: 15/15
 21832 | Orc:2    | Found Aqouwisy's Weapon Emporium.
 21832 | Orc:2    | Found Riek's Book Boutique.
 21833 | Orc:2    | Found Muwkifis's Distillery.
 21833 | Orc:2    | Found Zihud's Assorted Antiques.
 21837 | Orc:2    | Reached skill level 14 in Unarmed Combat
 21866 | Orc:2    | Found Lenumyokh's General Store.
 21914 | Orc:2    | Found a staircase to the Elven Halls.
 21926 | Orc:2    | Found Faoj Obb's General Store.
 21934 | Orc:2    | Bought a scroll of identify for 26 gold pieces
 22257 | Orc:1    | Noticed Josephine
 22338 | Orc:2    | Killed Josephine
 22837 | D:9      | Acquired 668 gold pieces
 22839 | D:9      | Acquired a manual of Dodging
 22898 | Orc:2    | Bought a maw talisman for 420 gold pieces
 22918 | Orc:2    | Bought a notched cabochon ring for 135 gold pieces
 23111 | D:4      | Bought a potion of haste for 120 gold pieces
 23111 | D:4      | Bought a potion of ambrosia for 96 gold pieces
 23303 | Orc:2    | Bought a potion of curing for 48 gold pieces
 23303 | Orc:2    | Bought a potion of curing for 48 gold pieces
 23303 | Orc:2    | Bought a potion of curing for 48 gold pieces
 23303 | Orc:2    | Bought 2 potions of curing for 96 gold pieces
 23312 | Orc:2    | Bought a potion of haste for 140 gold pieces
 23312 | Orc:2    | Bought a granite talisman for 840 gold pieces
 23832 | D:11     | Gained mutation: You are dopey. (Int -2) [Ru sacrifice]
 23832 | D:11     | Reached **** piety under Ru
 24276 | D:12     | Identified the +1 robe of Card Tricks {+Inv rC- Str+3
                  | Int+3}
 24332 | D:12     | Identified the +0 leather armour of the Pits of Slime
                  | {rPois rN+}
 24619 | D:12     | Found a transporter.
 24778 | D:12     | Noticed Psyche
 24784 | D:12     | Killed Psyche
 24992 | D:12     | Found a one-way gate to the infinite horrors of the Abyss.
 24992 | D:12     | Noticed senseless's ghost (journeyman TrSh)
 25003 | D:12     | Found a transporter.
 26200 | D:13     | Found a gate to the Vaults.
 26237 | D:13     | Gained mutation: You cannot be stealthy. [Ru sacrifice]
 26237 | D:13     | Reached ***** piety under Ru
 26393 | D:13     | Reached skill level 12 in Dodging
 26905 | D:14     | Reached skill level 15 in Unarmed Combat
 26929 | D:14     | Reached skill level 1 in Shields
 27408 | D:14     | Found a portal to a secret trove of treasure.
 27525 | D:14     | Found a white marble altar of Elyvilon.
 27640 | D:15     | Entered Level 15 of the Dungeon
 27736 | D:15     | Found a staircase to the Depths.
 27989 | D:15     | Reached skill level 3 in Shields
 28010 | D:15     | Reached XP level 16. HP: 145/145 MP: 16/16
 28225 | D:15     | Found a runed translucent door.
 28225 | D:15     | Found a shimmering altar of Xom.
 28225 | D:15     | Noticed Ebahuax's ghost (journeyman HOFi)
 29279 | D:12     | Killed senseless's ghost
 29561 | Lair:4   | Found a staircase to the Slime Pits.
 29684 | Spider:1 | Entered Level 1 of the Spider Nest
 29689 | Spider:1 | Noticed Rupert
 30156 | Lair:3   | Paralysed by Rupert for 5 turns
 30673 | Lair:3   | Found a hole to the Spider Nest.
 30958 | Lair:3   | Found a staircase to the Shoals.
 31004 | Lair:3   | Killed Rupert
 31366 | Spider:1 | Reached skill level 16 in Unarmed Combat
 31468 | Spider:1 | Noticed Donald
 31485 | Spider:1 | Killed Donald
 31538 | Spider:1 | Reached skill level 6 in Shields
 33861 | Spider:3 | Reached XP level 17. HP: 149/154 MP: 17/17
 34133 | Spider:3 | Gained mutation: You are clumsy. (Dex -2) [mutagenic glow]
 34384 | Spider:3 | Reached skill level 17 in Unarmed Combat
 34569 | Spider:4 | Entered Level 4 of the Spider Nest
 34700 | Spider:4 | Reached skill level 15 in Fighting
 34831 | Spider:4 | Noticed Arachne
 34867 | Spider:3 | Killed Arachne
 36010 | Spider:4 | Reached skill level 15 in Dodging
 36174 | Spider:4 | Reached skill level 18 in Unarmed Combat
 36349 | Spider:4 | Got a gossamer rune of Zot
 36431 | Spider:4 | Reached skill level 18 in Shapeshifting
 36431 | Spider:4 | Reached XP level 18. HP: 162/162 MP: 18/18
 36816 | D:15     | Killed Ebahuax's ghost
 37077 | Shoals:1 | Entered Level 1 of the Shoals
 37214 | Shoals:1 | Reached XP level 19. HP: 172/172 MP: 19/19
 37522 | Shoals:1 | Identified the +9 sling of Grontol {flame, Str+4}
 37605 | Shoals:1 | Noticed Kirke
 37615 | Shoals:1 | Killed Kirke
 37616 | Shoals:1 | Noticed Frances
 37660 | Shoals:1 | Killed Frances
 38550 | Shoals:2 | Reached skill level 19 in Unarmed Combat
 39820 | Shoals:4 | Entered Level 4 of the Shoals
 39930 | Shoals:4 | Paralysed by an air elemental for 1 turns
 39934 | Shoals:4 | Paralysed by an air elemental for 1 turns
 39993 | Shoals:4 | Paralysed by an air elemental for 1 turns
 39996 | Shoals:4 | Paralysed by an air elemental for 1 turns
 40069 | Shoals:4 | Paralysed by an air elemental for 1 turns
 40830 | Shoals:4 | Got a barnacled rune of Zot
 41170 | Vaults:1 | Entered Level 1 of the Vaults
 41226 | Vaults:1 | Reached XP level 20. HP: 165/183 MP: 20/20
 41506 | Vaults:1 | Reached skill level 20 in Unarmed Combat
 41860 | Vaults:1 | Noticed Sojobo
 41883 | Vaults:1 | Paralysed by an air elemental for 1 turns
 41887 | Vaults:1 | Paralysed by an air elemental for 1 turns
 41895 | Vaults:1 | Paralysed by an air elemental for 1 turns
 41902 | Vaults:1 | Paralysed by an air elemental for 1 turns
 41906 | Vaults:1 | Paralysed by an air elemental for 1 turns
 41908 | Vaults:1 | Paralysed by an air elemental for 1 turns
 41999 | Vaults:1 | Paralysed by a vampire knight for 4 turns
 42070 | Vaults:1 | Paralysed by an air elemental for 1 turns
 42259 | Vaults:1 | Paralysed by an air elemental for 1 turns
 42263 | Vaults:1 | Paralysed by an air elemental for 1 turns
 42416 | Vaults:1 | Killed Sojobo
 42744 | Vaults:1 | Noticed Saint Roka
 42771 | Vaults:1 | Killed Saint Roka
 43340 | Vaults:2 | Identified the +7 quick blade of Instinct {freeze, Str+4}
 43469 | Vaults:2 | Reached skill level 21 in Unarmed Combat
 44176 | Vaults:2 | Reached skill level 18 in Fighting
 44880 | Vaults:3 | Identified the +7 dagger of Accidental Termination {freeze,
                  | rC+ Int+6}
 44891 | Vaults:3 | Found a huge runed translucent gate.
 44891 | Vaults:3 | Found a huge runed translucent gate.
 44891 | Vaults:3 | Found a huge runed translucent gate.
 44891 | Vaults:3 | Found a huge runed translucent gate.
 44891 | Vaults:3 | Found a huge runed translucent gate.
 44891 | Vaults:3 | Found a huge runed translucent gate.
 44892 | Vaults:3 | Found a huge runed translucent gate.
 44892 | Vaults:3 | Found a huge runed translucent gate.
 44892 | Vaults:3 | Found a huge runed translucent gate.
 44892 | Vaults:3 | Found a huge runed translucent gate.
 44892 | Vaults:3 | Found a huge runed translucent gate.
 44893 | Vaults:3 | Found a huge runed translucent gate.
 44893 | Vaults:3 | Found a huge runed translucent gate.
 44894 | Vaults:3 | Found a huge runed translucent gate.
 44895 | Vaults:3 | Found a huge runed translucent gate.
 44896 | Vaults:3 | Found a huge runed translucent gate.
 44897 | Vaults:3 | Found a huge runed translucent gate.
 44897 | Vaults:3 | Found a huge runed translucent gate.
 44902 | Vaults:3 | Found a huge runed translucent gate.
 44903 | Vaults:3 | Found a huge runed translucent gate.
 44903 | Vaults:3 | Found a huge runed translucent gate.
 44903 | Vaults:3 | Found a huge runed translucent gate.
 44903 | Vaults:3 | Found a huge runed translucent gate.
 44905 | Vaults:3 | Found a huge runed translucent gate.
 44908 | Vaults:3 | Found a huge runed translucent gate.
 44914 | Vaults:3 | Reached XP level 21. HP: 126/158 MP: 21/21
 44963 | Vaults:3 | Found a huge runed translucent gate.
 44963 | Vaults:3 | Found a huge runed translucent gate.
 44967 | Vaults:3 | Found a huge runed translucent gate.
 44968 | Vaults:3 | Found a huge runed translucent gate.
 44969 | Vaults:3 | Found a huge runed translucent gate.
 44969 | Vaults:3 | Found a huge runed translucent gate.
 45031 | Vaults:3 | Found a staircase to the Crypt.
 45031 | Vaults:3 | Found an ancient bone altar of Kikubaaqudgha.
 45111 | Vaults:3 | Paralysed by a formless jellyfish for 1 turns
 45432 | Vaults:3 | Found a huge runed translucent gate.
 45432 | Vaults:3 | Found a huge runed translucent gate.
 45432 | Vaults:3 | Found a huge runed translucent gate.
 45432 | Vaults:3 | Found a huge runed translucent gate.
 45432 | Vaults:3 | Found a huge runed translucent gate.
 45944 | Vaults:3 | Noticed Mennas
 45979 | Vaults:3 | Killed Mennas
 46249 | Vaults:4 | Reached skill level 22 in Unarmed Combat
 46316 | Vaults:4 | Found Anlea's Distillery.
 46326 | Vaults:4 | Bought a potion of heal wounds for 110 gold pieces
 46326 | Vaults:4 | Bought a potion of berserk rage for 110 gold pieces
 46326 | Vaults:4 | Bought a potion of cancellation for 176 gold pieces
 46326 | Vaults:4 | Bought a potion of resistance for 220 gold pieces
 46371 | Vaults:4 | Noticed Margery
 46397 | Vaults:4 | Killed Margery
 47028 | Vaults:4 | Reached skill level 18 in Dodging
 47850 | D:14     | You paid a toll of a +5 demon whip to enter a treasure
                  | trove
 47851 | Trove    | Entered a treasure trove
 47853 | Trove    | Found the Charlatan's Orb {orb Evoboost}
 47853 | Trove    | Found the +3 warlock's mirror {omnireflect}
 47857 | Trove    | Identified the orb "Qiden" {*channel, +Inv Int+4}
 47862 | Trove    | Identified the orb of Integrity {*Rage, Regen+}
 47868 | Trove    | Identified the orb of the Winnowing Gods {guile, rElec
                  | Regen+}
 47869 | Trove    | Identified the +1 pair of gloves "Kahup" {rElec rC- rCorr
                  | SInv}
 47886 | Trove    | Identified the orb of Chill Winds {guile, MP+9 Str+3
                  | Slay+2}
 47891 | Trove    | Identified the scarf of Tuiso {rC+ rF+, rPois Will+}
 47912 | Trove    | Identified the +0 pair of boots of the Distant Future {Fly
                  | Will+ Regen+ Int-4}
 48046 | Depths:1 | Entered Level 1 of the Depths
 48285 | Depths:1 | Reached skill level 23 in Unarmed Combat
 48299 | Depths:1 | Reached XP level 22. HP: 206/206 MP: 22/22
 48456 | Depths:1 | Found a runed translucent door.
 48456 | Depths:1 | Noticed Jymib's ghost (veteran DgCj)
 48584 | Depths:1 | Found Qeboro's Overcharged Wands.
 48641 | Depths:1 | Found a gateway to Hell.
 48777 | Depths:1 | Killed Jymib's ghost
 48948 | Depths:2 | Noticed a juggernaut
 48972 | Depths:2 | Killed a juggernaut
 49134 | Depths:2 | Found a runed translucent door.
 49269 | Depths:2 | Found a runed translucent door.
 49274 | Depths:2 | Found a runed translucent door.
 49288 | Depths:2 | Found a runed translucent door.
 49289 | Depths:2 | Found a runed translucent door.
 49896 | Depths:2 | Found a one-way gate leading to the halls of Pandemonium.
 50358 | Depths:3 | Found Rinysmev's Armour Boutique.
 50360 | Depths:3 | Found Jeekka's Antique Armour Boutique.
 50365 | Depths:3 | Identified the ring "Udgho" {+Blink rPois}
 50375 | Depths:3 | Bought a pair of embroidered gloves for 367 gold pieces
 50413 | Depths:3 | Found Yxomeluch's Antique Armour Emporium.
 50462 | Depths:3 | Bought a pair of slimy gloves for 313 gold pieces
 50462 | Depths:3 | Identified the +2 pair of gloves of Yesterday {rPois
                  | Slay+3} (You bought it in a shop on level 3 of the Depths)
 50537 | Depths:3 | Found Naazaas's Book Shop.
 50662 | Depths:3 | Identified the +0 scale mail of Fun {rC+}
 50777 | Depths:3 | Reached skill level 24 in Unarmed Combat
 51445 | Depths:4 | Entered Level 4 of the Depths
 51457 | Depths:4 | Found Laukhlor's Jewellery Boutique.
 51459 | Depths:4 | Found Fuvygh's Book Emporium.
 51460 | Depths:4 | Found Dualust's Jewellery Boutique.
 51640 | Depths:4 | Reached skill level 21 in Fighting
 51735 | Depths:4 | Identified the +7 spear "Jugg" {freeze, Str+3}
 51780 | Depths:4 | Found a gate to the Realm of Zot.
 51800 | Depths:4 | Reached XP level 23. HP: 220/220 MP: 23/23
 51818 | Depths:4 | Found a one-way gateway to a ziggurat.
 52553 | Orc:2    | Bought the ring "Juapy" {Fire rElec rN+} for 561 gold
                  | pieces
 52569 | Elf:1    | Entered Level 1 of the Elven Halls
 52607 | Elf:1    | Found Meohutil's Book Boutique.
 53062 | Elf:1    | Got the Disquisition on Bombardment
 53364 | Elf:2    | Identified the flux talisman "Ribaziol" {rPois rF- Will+
                  | Int+3}
 53408 | Elf:2    | Found a crumbling gateway.
 53413 | Desolati | Entered the Desolation of Salt
 53571 | Desolati | Identified the ring of Nunlih {rC+ Will++ AC+4}
 53621 | Desolati | Identified the ring "Neiv" {Ice rElec}
 53882 | Desolati | Got the Precepts of the Corresponding Welkin
 53883 | Desolati | Identified the +1 glaive "Eczong" {flame, rC- Str+4 Dex+3}
 53886 | Desolati | Got Roxanne's Notes on Quintessence and the Volcano
 53940 | Desolati | Found the +3 salamander hide armour {Flames, rFlCloud rF++
                  | rC--}
 53945 | Desolati | Identified the ring of a Million Runes {Wiz Dex+5}
 53946 | Desolati | Identified the +6 falchion "Gofef" {drain, Stlth+}
 54517 | Elf:2    | Found a runed translucent gate.
 54518 | Elf:2    | Found a runed translucent gate.
 54518 | Elf:2    | Found a runed translucent gate.
 54572 | Elf:2    | Reached skill level 25 in Unarmed Combat
 55047 | Elf:3    | Entered Level 3 of the Elven Halls
 55434 | Elf:3    | Found an ancient bone altar of Kikubaaqudgha.
 56277 | Elf:3    | Reached XP level 24. HP: 216/217 MP: 23/23
 56499 | Elf:3    | Identified the +9 sling of the Past {antimagic, rF+ rN+
                  | Str+2}
 56503 | Elf:3    | Identified the +2 cloak of Epsit {Dex+4}
 56505 | Elf:3    | Identified the staff "Qoesch" {Fly rC+ Int+3 Summ Ice}
 56513 | Elf:3    | Got Sif Muna's Almanac of Fascination and Terra Firma
 57072 | Crypt:1  | Entered Level 1 of the Crypt
 58487 | Crypt:3  | Entered Level 3 of the Crypt
 58957 | Crypt:3  | Reached skill level 26 in Unarmed Combat
 59486 | Crypt:3  | Found a staircase to the Tomb.
 59652 | Crypt:3  | Noticed a dread lich
 59652 | Crypt:3  | Noticed an ancient lich
 59653 | Crypt:3  | Noticed a dread lich
 59793 | Crypt:3  | Killed a dread lich
 59802 | Crypt:3  | Killed an ancient lich
 59809 | Crypt:3  | Killed a dread lich
 59876 | Crypt:3  | Got Gloorx Vloq's Papyrus of Darkness
 59879 | Crypt:3  | Identified the +4 broad axe of Drought {drain, Will+ Str-5
                  | Int+3 Dex+2}
 59884 | Crypt:3  | Identified the staff "Fokyqet" {rF+ rC+ Int+3 Stlth+ Ice}
 60354 | Slime:1  | Entered Level 1 of the Pits of Slime
 60459 | Slime:2  | Reached skill level 24 in Fighting
 60816 | Slime:2  | Noticed Dissolution
 61125 | Slime:2  | Killed Dissolution
 62040 | Slime:4  | Gained mutation: You occasionally lose the ability to read
                  | scrolls when taking damage. [a shining eye]
 62058 | Slime:4  | Reached XP level 25. HP: 193/247 MP: 23/23
 62065 | Slime:4  | Gained mutation: You are frail. (-10% HP) [a shining eye]
 62296 | Slime:5  | Entered Level 5 of the Pits of Slime
 62768 | Slime:5  | Gained mutation: Your spells are a little easier to cast,
                  | but a little less powerful. [a shining eye]
 62807 | Slime:5  | Gained mutation: You are vulnerable to cold. (rC-) [a
                  | shining eye]
 62888 | Slime:5  | Noticed the Royal Jelly
 62901 | Slime:5  | Found the +5 robe of Misfortune {Harm *Corrode *Slow EV+5}
 63238 | Slime:4  | Lost mutation: Your spells are a little easier to cast, but
                  | a little less powerful. [potion of mutation]
 63238 | Slime:4  | Lost mutation: You occasionally lose the ability to read
                  | scrolls when taking damage. [potion of mutation]
 63238 | Slime:4  | Lost mutation: You are clumsy. (Dex -2) [potion of
                  | mutation]
 63238 | Slime:4  | Gained mutation: You passively map a small area around you.
                  | [potion of mutation]
 63238 | Slime:4  | Lost mutation: You are vulnerable to cold. (rC-) [potion of
                  | mutation]
 63238 | Slime:4  | Gained mutation: You possess an exceptional clarity of
                  | mind. [potion of mutation]
 63407 | Slime:5  | Killed the Royal Jelly
 63549 | Slime:5  | Got a slimy rune of Zot
 63550 | Slime:5  | Identified the +5 rapier "Maock" {flame, Str+2}
 63552 | Slime:5  | Got Kyist's Writings on the Sarcophagus
 63625 | Slime:5  | Identified the ring of Tuhuath {EV+5 Dex+3}
 63626 | Slime:5  | Identified the +4 flail of Deleti {holy, rElec MP+9}
 63850 | Slime:5  | Identified the +2 orcbow "Arcanum" {antimagic, Dex+2}
 63854 | Slime:5  | Got the Quarto of the Linear Lungs
 64234 | Vaults:5 | Entered Level 5 of the Vaults
 64291 | Vaults:4 | Reached skill level 27 in Unarmed Combat
 64894 | Vaults:5 | Noticed a dread lich
 64911 | Vaults:5 | Killed a dread lich
 64912 | Vaults:5 | Reached skill level 21 in Dodging
 64999 | Vaults:5 | Found the +18 shield of the Gong {Loud rN+ Will+ rCorr
                  | EV-5}
 65001 | Vaults:5 | Found the +2 shield of Resistance {rF++ rC++ Will++}
 65244 | Vaults:5 | Noticed a dread lich
 65250 | Vaults:5 | Killed a dread lich
 65251 | Vaults:5 | Reached skill level 21 in Shapeshifting
 65498 | Vaults:5 | Reached XP level 26. HP: 210/214 MP: 23/23
 65784 | Vaults:5 | Found the ring of the Octopus King
 65861 | Vaults:5 | Identified a ring of the Octopus King {rC+ HP+2 AC+2 EV+2
                  | SH+2}
 65882 | Vaults:5 | Acquired 670 gold pieces
 65901 | Vaults:5 | Identified the +5 flail of the Mouth {drain, *Noise Str+5}
 65905 | Vaults:5 | Got a silver rune of Zot
 65927 | Vaults:5 | Got the Grimoire of the Hypothermic Tropics
 66265 | Vaults:5 | Identified the +7 dagger of Bile {heavy, rF++ rCorr Str+5}
 67154 | Depths:3 | Voluntarily entered the Abyss.
 67167 | Abyss:1  | Found a sacrificial altar of Ru.
 67196 | Abyss:2  | Found a corrupted altar of Lugonu.
 67275 | Abyss:3  | Gained mutation: Your body sometimes deteriorates upon
                  | taking damage. [a neqoxec]
 67287 | Abyss:3  | Gained mutation: You are vulnerable to cold. (rC-) [a
                  | neqoxec]
 67289 | Abyss:3  | Gained mutation: Your large and strong wings let you fly.
                  | [a neqoxec]
 67356 | Abyss:3  | Got an abyssal rune of Zot
 67382 | Abyss:3  | Found a corrupted altar of Lugonu.
 67387 | Depths:3 | Escaped the Abyss
 67464 | Depths:3 | Lost mutation: You passively map a small area around you.
                  | [potion of mutation]
 67464 | Depths:3 | Lost mutation: You are frail. (-10% HP) [potion of
                  | mutation]
 67464 | Depths:3 | Lost mutation: Your body often deteriorates upon taking
                  | damage. [potion of mutation]
 67464 | Depths:3 | Gained mutation: You have hidden genetic potential. [potion
                  | of mutation]
 67479 | Depths:3 | Lost mutation: You have hidden genetic potential. [potion
                  | of mutation]
 67479 | Depths:3 | Lost mutation: Your large and strong wings let you fly.
                  | [potion of mutation]
 67479 | Depths:3 | Gained mutation: Your spells are a little harder to cast,
                  | but a little more powerful. [potion of mutation]
 67480 | Depths:3 | Lost mutation: Your spells are a little harder to cast, but
                  | a little more powerful. [potion of mutation]
 67480 | Depths:3 | Lost mutation: You are vulnerable to cold. (rC-) [potion of
                  | mutation]
 67480 | Depths:3 | Lost mutation: You possess an exceptional clarity of mind.
                  | [potion of mutation]
 67480 | Depths:3 | Gained mutation: You are agile. (Dex +4, Str/Int -1)
                  | [potion of mutation]
 67480 | Depths:3 | Gained mutation: Your muscles are strong. (Str +4, Int/Dex
                  | -1) [potion of mutation]
 67625 | Zot:1    | Entered Level 1 of the Realm of Zot
 67990 | Zot:1    | Noticed Vv
 68001 | Zot:1    | Killed Vv
 68345 | Zot:1    | Identified the ring "Xujeuq" {+Blink AC+4 Str+7 Int-3}
 69007 | Zot:2    | Found a runed translucent door.
 69008 | Zot:2    | Found a shimmering altar of Xom.
 69008 | Zot:2    | Noticed Noulax's ghost (master HuWn)
 69108 | Zot:2    | Reached skill level 9 in Shields
 69901 | Zot:2    | Killed Noulax's ghost
 69966 | Zot:3    | Noticed Parghit
 70082 | Zot:3    | Killed Parghit
 70230 | Zot:3    | Found a huge runed translucent gate.
 70231 | Zot:3    | Found a huge runed translucent gate.
 70232 | Zot:3    | Found a huge runed translucent gate.
 70232 | Zot:3    | Found a huge runed translucent gate.
 70233 | Zot:3    | Found a huge runed translucent gate.
 70233 | Zot:3    | Found a huge runed translucent gate.
 70234 | Zot:3    | Found a huge runed translucent gate.
 70234 | Zot:3    | Found a huge runed translucent gate.
 70234 | Zot:3    | Found a huge runed translucent gate.
 70234 | Zot:3    | Found a huge runed translucent gate.
 70234 | Zot:3    | Found a huge runed translucent gate.
 70235 | Zot:3    | Found a huge runed translucent gate.
 70236 | Zot:3    | Found a huge runed translucent gate.
 70236 | Zot:3    | Found a huge runed translucent gate.
 70237 | Zot:3    | Found a huge runed translucent gate.
 70239 | Zot:3    | Found a huge runed translucent gate.
 70239 | Zot:3    | Found a huge runed translucent gate.
 70243 | Zot:3    | Found a huge runed translucent gate.
 70244 | Zot:3    | Found a huge runed translucent gate.
 70245 | Zot:3    | Found a huge runed translucent gate.
 70346 | Zot:3    | Reached XP level 27. HP: 268/268 MP: 23/23
 70573 | Zot:3    | Found a huge runed translucent gate.
 70573 | Zot:3    | Found a huge runed translucent gate.
 70573 | Zot:3    | Found a huge runed translucent gate.
 70573 | Zot:3    | Found a huge runed translucent gate.
 70574 | Zot:3    | Found a huge runed translucent gate.
 70574 | Zot:3    | Found a huge runed translucent gate.
 70579 | Zot:3    | Found a huge runed translucent gate.
 70580 | Zot:3    | Found a huge runed translucent gate.
 70580 | Zot:3    | Found a huge runed translucent gate.
 70580 | Zot:3    | Found a huge runed translucent gate.
 70580 | Zot:3    | Found a huge runed translucent gate.
 70582 | Zot:3    | Found a huge runed translucent gate.
 70584 | Zot:3    | Found a huge runed translucent gate.
 70585 | Zot:3    | Found a huge runed translucent gate.
 70585 | Zot:3    | Found a huge runed translucent gate.
 70590 | Zot:3    | Found a huge runed translucent gate.
 70738 | Zot:3    | Noticed an ancient lich
 70738 | Zot:3    | Noticed an orb of fire
 70738 | Zot:3    | Noticed an orb of fire
 70738 | Zot:3    | Noticed an orb of fire
 70738 | Zot:3    | Noticed a dread lich
 70738 | Zot:3    | Noticed an ancient lich
 70738 | Zot:3    | Noticed a dread lich
 71163 | Zot:4    | Reached skill level 12 in Shields
 71784 | Zot:5    | Entered Level 5 of the Realm of Zot
 72136 | Zot:5    | Identified the +3 hand axe of Uncomfortable Rashes {freeze,
                  | rElec Dex+3}
 72558 | Zot:5    | Noticed an orb of fire
 72565 | Zot:5    | Gained mutation: You occasionally lose the ability to drink
                  | potions when taking damage. [an orb of fire]
 72569 | Zot:5    | Killed an orb of fire
 72609 | Zot:5    | Noticed an orb of fire
 72616 | Zot:5    | Killed an orb of fire
 72618 | Zot:5    | Noticed an orb of fire
 72618 | Zot:5    | Noticed a dread lich
 72626 | Zot:5    | Killed an orb of fire
 72654 | Zot:5    | Killed a dread lich
 72851 | Zot:5    | Noticed an orb of fire
 72863 | Zot:5    | Killed an orb of fire
 73237 | Zot:5    | Got the Orb of Zot
 73242 | Zot:5    | Noticed Keirhom the pandemonium lord
 73252 | Zot:5    | Killed Keirhom the pandemonium lord
 73371 | Zot:4    | Noticed Puvvowism the pandemonium lord
 73377 | Zot:4    | Killed Puvvowism the pandemonium lord
 73565 | Depths:4 | Noticed Ivefuz the pandemonium lord
 73592 | Depths:3 | Killed Ivefuz the pandemonium lord
 73806 | D:15     | Reached skill level 15 in Shields
 74185 | D:$      | Escaped with the Orb!

Illustrated notes

Levels and vault maps discovered:
D:1:      dpeg_arrival_pits, layout_loops_ring, chequers_serial_rivers_small_b,
          st_stairs_1
D:2:      layout_loops_cross, chequers_mini_garden, uniq_natasha, uniq_terence
D:3:      layout_rooms, mainiacjoe_overflow_chevrons
D:4:      layout_loops_ring, kennysheep_little_box, serial_shops, shop,
          uniq_duvessa
D:5:      layout_rooms, grunt_temple_overflow_cloverleaf, abandoned_shop,
          hex_intersection
D:6:      layout_rooms, minmay_manual_monstrance
D:7:      layout_cave_pools, nicolae_uskayaw_suspiria, general_overflow_altar,
          minmay_temple_entry_antechambers, enter_bailey_3
D:8:      layout_gridville
D:9:      layout_loops_corners, nicolae_gozag_seed_capital, lemuel_round_altar,
          minmay_lair_entry_grove, david_orc_2, minivault_5
D:10:     layout_roguey, nicolae_shop_fire_sale [nicolae_sub_dead_trees],
          uniq_gastronok
D:11:     layout_small_grid
D:12:     layout_loops_corners, gammafunk_ghost_abyssal_escape, minmay_between,
          uniq_psyche
D:13:     layout_loops_corners, hellmonk_vaults_order_and_chaos
D:14:     cheibrodos_frozen_isle, layout_basic, enter_trove_5,
          nicolae_elyvilon_peaceful_grove
D:15:     grunt_enter_depths_hoard, layout_basic, ebering_ghost_xom,
          kennysheep_kite_vault
Temple:   minmay_temple_bridge_abc
Lair:1:   layout_chaotic_city, st_stairs_3, minivault_23, minivault_19,
          dreamdust_mushroom_princess
Lair:2:   layout_cave_pods, grunt_megastairs_2, lemuel_fruit_tree
Lair:3:   layout_regular_city, elwin_shoals_entry_rooms, spider_nest_entry_webs,
          st_stairs_13, grunt_forest_small_clearing_treed
Lair:4:   layout_long_grid, minmay_slime_entry_oklob_enclosed,
          serial_bayou_crossing
Lair:5:   cheibrodos_lair_end_hotspot, layout_layer_cave, enter_volcano_4
Shoals:1: layout_shoals, uniq_frances, uniq_kirke
Shoals:2: layout_shoals, nicolae_shoals_shepherds
Shoals:3: cheibrodos_shoals_gigantism, layout_shoals
Shoals:4: shoals_end_hellmonk_storm_palace [storm_palace_center_circular,
          storm_palace_corner_reverse_hut, storm_palace_corner_reverse_hut,
          storm_palace_corner_grid, storm_palace_corner_reverse_hut]
Spider:1: layout_spider_delve, nicolae_spider_not_touching_you, uniq_donald,
          uniq_rupert
Spider:2: layout_chambers, hangedman_spider_tarantella_strand
Spider:3: layout_spider_delve
Spider:4: floodkiller_spider_rune_tomb, hellmonk_spider_spawner, uniq_arachne
Slime:1:  layout_caves
Slime:2:  layout_caves, uniq_dissolution
Slime:3:  layout_caves, cheibrodos_slime_lost_civilization_4
Slime:4:  layout_caves
Slime:5:  slime_pit_nicolae_inversion
Orc:1:    layout_caves, nicolae_orc_lava_room, uniq_josephine
Orc:2:    st_orc_ogre_mass, layout_caves, serial_shops, nicolae_shop_trees,
          shop, shop, shop
Elf:1:    eino_elf_arrival_sip, layout_loops_cross, serial_shops,
          nicolae_book_shop_shelving, minmay_elf_sorcery
Elf:2:    nicolae_elf_blades_crystal_corner, layout_geoelf_grid,
          portal_desolation_entry_nicolae_nacl, uniq_azrael
Elf:3:    minmay_elf_hall_furrowed, layout_geoelf_octagon, grunt_ministairs_3,
          david_defended_altar_elf
Vaults:1: sword_in_stone, nicolae_vaults_double_plus_2, hangedman_vaults_trim,
          vaults_mumra_lcd, grunt_vaults_hallway_short,
          nicolae_vaults_octothorpe, nicolae_vaults_wine_cellar,
          nicolae_vaults_more_shelving_2, nicolae_vaults_layer_cake_slice,
          nicolae_vaults_surprise_closet, nicolae_vaults_tetromino_L_1,
          layout_vaults_omnibox, uniq_saint_roka
Vaults:2: nicolae_vaults_sightless_eye, serial_library_regret_index_small_wings,
          nicolae_vaults_variable_pillar_hall,
          nicolae_vaults_shipping_containers_4,
          nicolae_vaults_trapezoid_lopsided_3, v_alt_pattern_4,
          vaults_standard_mumra_enter_the_diamond, nicolae_vaults_tetromino_L_2,
          nicolae_vaults_border_crossing, layout_vaults_quadrants
Vaults:3: v_alt_pattern_2, not_door_vault_mu, minmay_crypt_entry_necro_gods,
          vaults_room_pool, vaults_room_door_hall, hangedman_vaults_stream,
          vaults_room_grunt_arrival_checkpoint, vaults_room_semicircle,
          lightli_orcish_oven, vaults_dpeg_emergency_exit,
          nicolae_vaults_circle_grid_a, v_misc_33, ontoclasm_vaults_misaligned,
          nicolae_vaults_two_Ls, layout_vaults_maze_snakey, uniq_mennas
Vaults:4: v_misc_10, grunt_vaults_twisty, v_pattern_5,
          nicolae_vaults_heart-shaped_vault, nicolae_vaults_fighting_squares,
          v_misc_30, nicolae_vaults_rhombus_6, hangedman_vaults_cutoff,
          nicolae_vaults_double_plus_1, nicolae_vaults_theta, v_alt_pattern_1,
          layout_vaults_big_room, serial_shops, shop, uniq_margery
Vaults:5: uniq_sojobo
Crypt:1:  layout_chaotic_city
Crypt:2:  layout_chaotic_city, lemuel_elevator, lemuel_upstairs_altar
Crypt:3:  david_glass_crypt, layout_gridlike, nicolae_tomb_entry_grand_gallery
Depths:1: layout_cave_pools, hellmonk_ghost_happy_afterlife,
          minmay_fountain_box, hangedman_coc_ice_floe,
          nicolae_shop_overcharged_wands
Depths:2: minmay_the_grid_four_pointed_star_mashed
          [minmay_the_grid_triangle_9x9_tough_junction,
          minmay_the_grid_triangle_9x9_fully_insulated_deathbox,
          minmay_the_grid_triangle_9x9_zippers_horizontal,
          minmay_the_grid_triangle_9x9_descending_squares,
          minmay_the_grid_prize_four_corners], layout_gridlike,
          rand_demon_pan_entry_9, pf_hell_entry_tar_spiral, chequers_jeans,
          corexii_corridor_pit
Depths:3: nzn_winding_woodlands_cross [nzn_winding_woodlands_5x15_concentric,
          nzn_winding_woodlands_5x15_pool,
          nzn_winding_woodlands_5x15_pathside_ponds,
          nzn_winding_woodlands_5x15_cabin,
          nzn_winding_woodlands_15x15_five_gardens], layout_cave_shapes,
          chequers_serial_rivers_small_b, serial_shops, shop, shop,
          nicolae_shop_advertising_works [nicolae_subvault_shop_adworks],
          nicolae_book_shop_shelving, hangedman_abyss_entry_splay, hell_entry,
          pan_entry
Depths:4: evilmike_zot_entry_argh, layout_basic, enter_ziggurat_d, hell_entry,
          serial_sigils_hangedman_writhe, chequers_serial_rivers_micro_b,
          nicolae_hepliaklqana_hazy_memory, minmay_shop_grove
Zot:1:    lemuel_halls_of_wrath, layout_cathedral_of_symmetry,
          regret_index_zotdec_misc_clamp, lemuel_golem_globe, uniq_vv
Zot:2:    layout_basic, ebering_ghost_xom, st_stairs_13, grunt_ministairs_12,
          zot_minivault_4
Zot:3:    layout_basic, st_stairs_6, door_vault, uniq_parghit
Zot:4:    layout_twisted_circle
Zot:5:    layout_gridlike

Skill      XL: |  1  2  3  4  5  6  7  8  9 10 11 12 13 14 15 16 17 18 19 20 21 22 23 24 25 26 27 |
---------------+----------------------------------------------------------------------------------+-----
Shapeshifting  | 4 5 6 7 8 9 11 12 14 16 18 19 21 22 23 | 23.0
Unarmed Combat | 4 7 8 9 10 11 12 13 15 16 18 19 21 23 24 25 26 27 | 27.0
Dodging        | 3 5 6 7 8 9 10 12 13 15 16 17 18 19 20 21 22 | 22.5
Fighting       | 3 5 7 8 10 11 12 13 14 15 16 18 19 21 22 24 25 26 | 26.7
Shields        | 3 6 11 15 | 15.3

Action                     |  1- 3 |  4- 6 |  7- 9 | 10-12 | 13-15 | 16-18 | 19-21 | 22-24 | 25-27 || total
---------------------------+-------+-------+-------+-------+-------+-------+-------+-------+-------++-------
  Melee: Unarmed           |   105 |   128 |    96 |   955 |  1550 |  1299 |  2316 |  2000 |  1935 || 10384
         Tailslap          |     8 |    25 |    30 |   188 |   367 |   282 |   535 |   472 |   491 ||  2398
         Punch             |     1 |     1 |       |       |    44 |       |       |       |     2 ||    48
         Hand axe          |       |    16 |   123 |       |       |       |       |       |       ||   139
         Maw               |       |       |       |       |   182 |   499 |   905 |   696 |   376 ||  2658
 Invoke: Reject Sacrifices |       |       |       |     2 |     1 |     2 |     1 |     2 |       ||     8
         Sacrifice Love    |       |       |       |       |     1 |       |       |       |       ||     1
         Draw Out Power    |       |       |       |       |     1 |       |     4 |     3 |     3 ||    11
         Sacrifice Artific |       |       |       |       |     1 |       |       |       |       ||     1
         Sacrifice Purity  |       |       |       |       |     1 |       |       |       |       ||     1
         Sacrifice Stealth |       |       |       |       |     1 |       |       |       |       ||     1
         Power Leap        |       |       |       |       |       |     2 |       |       |     2 ||     4
         Apocalypse        |       |       |       |       |       |     2 |     2 |     2 |     3 ||     9
Ability: Noxious Breath    |       |       |     2 |     1 |     4 |     4 |     6 |     2 |       ||    19
  Evoke: Wand              |       |       |     6 |       |     1 |       |       |       |       ||     7
         Phial of floods   |       |       |       |       |     1 |       |       |       |       ||     1
    Use: Potion            |       |     1 |     1 |       |     2 |     6 |    11 |     2 |    17 ||    40
         Scroll            |       |       |       |    10 |    12 |    11 |    12 |    10 |    12 ||    67
   Stab: Sleeping          |     2 |     3 |       |       |       |       |       |       |       ||     5
         Confused          |       |       |     3 |       |     4 |    10 |     3 |     6 |     2 ||    28
         Petrified         |       |       |       |     2 |     5 |       |       |       |       ||     7
         Petrifying        |       |       |       |     1 |       |       |       |       |       ||     1
         Distracted        |       |       |       |       |     4 |     6 |    11 |     7 |    12 ||    40
         Invisible         |       |       |       |       |     4 |    12 |    12 |    10 |    10 ||    48
         Paralysed         |       |       |       |       |       |       |    10 |     4 |     5 ||    19
 Armour: Skin              |    75 |   111 |   194 |   514 |  1137 |   977 |  1402 |   865 |   836 ||  6111
  Dodge: Dodged            |    76 |    75 |   184 |   951 |  1752 |  1052 |  1535 |  1111 |  1867 ||  8603
  Block: Buckler           |       |       |       |       |    45 |   510 |   756 |   607 |   203 ||  2121
         Reflection        |       |       |       |       |       |       |     1 |    73 |    10 ||    84
         Kite shield       |       |       |       |       |       |       |       |       |  1073 ||  1073
   Form: Flux              |       |       |     2 |       |     1 |       |       |       |       ||     3
         Beast             |       |       |     1 |       |       |       |       |       |       ||     1
         Blade             |       |       |       |       |     1 |       |       |       |       ||     1
         Maw               |       |       |       |       |     2 |       |     1 |     1 |       ||     4
         Statue            |       |       |       |       |     1 |       |     1 |     1 |     1 ||     4
                           |       |       |       |       |     1 |       |       |       |       ||     1
         Storm             |       |       |       |       |       |       |       |       |     1 ||     1

Table legend: (Time is in decaauts)
 A = Elapsed time spent in this place.
 B = Non-inter-level travel time spent in this place.
 C = Inter-level travel time spent in this place.
 D = Time resting spent in this place.
 E = Time spent auto-exploring this place.
 F = Levels seen in this place.
 G = Mean time per level.
                   A        B        C        D        E       F      G
               +--------+--------+--------+--------+--------+-----+--------+
         Total |  76623 |  66965 |   9658 |  11397 |  40234 |  63 | 1216.2 |
       Dungeon |  18882 |  15464 |   3418 |   2827 |   9723 |  15 | 1258.8 |
        Temple |      1 |      1 |      0 |      0 |      0 |   1 |    1.0 |
          Lair |  10827 |   9531 |   1296 |   3151 |   4971 |   5 | 2165.4 |
        Shoals |   3865 |   3655 |    210 |    337 |   2011 |   4 |  966.2 |
   Spider Nest |   5087 |   4714 |    373 |    698 |   2617 |   4 | 1271.8 |
    Slime Pits |   3551 |   2930 |    621 |    572 |   1694 |   5 |  710.2 |
  Orcish Mines |   3152 |   2675 |    477 |    720 |   1364 |   2 | 1576.0 |
   Elven Halls |   3193 |   2799 |    394 |    198 |   2022 |   3 | 1064.3 |
        Vaults |   8339 |   7405 |    934 |    979 |   4281 |   5 | 1667.8 |
         Crypt |   4128 |   3823 |    305 |    630 |   2459 |   3 | 1376.0 |
        Depths |   4777 |   3985 |    792 |    463 |   2411 |   4 | 1194.2 |
           Zot |   8341 |   7507 |    834 |    565 |   5447 |   5 | 1668.2 |
         Abyss |    277 |    277 |      0 |      0 |      0 |   3 |   92.3 |
         Trove |     81 |     81 |      0 |      0 |     21 |   1 |   81.0 |
        Bailey |    949 |    949 |      0 |    168 |    534 |   1 |  949.0 |
       Volcano |    476 |    476 |      0 |     86 |    288 |   1 |  476.0 |
    Desolation |    691 |    691 |      0 |      0 |    388 |   1 |  691.0 |
               +--------+--------+--------+--------+--------+-----+--------+

Top non-repeatable levels by time:
  Lair:3: 3516 daAuts
  Lair:5: 2594 daAuts
     D:9: 2467 daAuts
   Zot:5: 2176 daAuts
Vaults:1: 2055 daAuts
    D:13: 2051 daAuts
    D:12: 2029 daAuts
 Crypt:3: 2000 daAuts
   Zot:1: 1915 daAuts
   Orc:2: 1812 daAuts
  Lair:1: 1783 daAuts
  Lair:2: 1766 daAuts
Depths:3: 1759 daAuts
Spider:2: 1742 daAuts
Vaults:4: 1730 daAuts
